 Dungeon Crawl Stone Soup version 0.20.0-15-g7f486f2 (webtiles) character file.

188 greprep the Ruffian (level 5, -4/46 HPs)
             Began as a Ghoul Monk on June 26, 2017.
             Slain by a gnoll
             ... wielding a +0 halberd
              (20 damage)
             ... on level 3 of the Dungeon.
             The game lasted 00:03:41 (1365 turns).

greprep the Ruffian (Ghoul Monk)                    Turns: 1365, Time: 00:03:42

Health: -4/46      AC:  2    Str: 16    XL:     5   Next: 67%
Magic:  4/4        EV: 13    Int:  5    God:
Gold:   68         SH:  0    Dex: 11    Spells: 4/4 levels left

rFire    . . .     SeeInvis .     - Unarmed
rCold    + . .     Gourm    .   (no shield)
rNeg     + + +     Faith    .   a - +0 robe
rPois    ∞         Spirit   .   (no helmet)
rElec    .         Reflect  .   (no cloak)
rCorr    .         Harm     .   (no gloves)
MR       .....                  (no boots)
Stlth    +++.......             p - amulet of magic regeneration
Regen    0.0/turn               o - ring of stealth
MPRegen  0.2/turn               (no ring)

@: rotting
A: rotting body, claws 1, carnivore 3, cold resistance 1, negative energy
resistance 3, inhibited regeneration, torment resistance, unbreathing
a: no special abilities


You were on level 3 of the Dungeon.
You were not hungry.

You visited 1 branch of the dungeon, and saw 3 of its levels.

You collected 68 gold pieces.

Inventory:

Armour
 a - a +0 robe (worn)
Jewellery
 o - a ring of stealth (left claw)
 p - an amulet of magic regeneration (around neck)
Scrolls
 c - 3 scrolls of noise {unknown}
 d - 2 scrolls of remove curse {unknown}
 e - 2 scrolls of teleportation {unknown}
 j - a scroll of fog {unknown}
 k - a scroll of immolation {unknown}
 m - a scroll of identify {unknown}
 q - a scroll of amnesia {unknown}
 s - a scroll of enchant weapon {unknown}
Potions
 f - 2 potions of lignification {unknown}
 g - 2 potions of degeneration {unknown}
 h - 2 potions of might {unknown}
 i - a potion of resistance {unknown}
 n - a potion of invisibility {unknown}
 r - a potion of brilliance {unknown}
Comestibles
 b - a meat ration
 l - 2 royal jellies


   Skills:
 + Level 3.7 Fighting
 + Level 3.3 Dodging
 + Level 2.3 Stealth
 * Level 5.9 Unarmed Combat


You had 4 spell levels left.
You didn't know any spells.

Dungeon Overview and Level Annotations

Branches:
Dungeon (3/15)

Altars:
Hepliaklqana
Xom


Innate Abilities, Weirdness & Mutations

Your body is rotting away.
You thrive on raw meat.
You are immune to poison.
You have sharp fingernails.
You are carnivorous and can eat meat at any time.
Your flesh is cold resistant. (rC+)
You are immune to negative energy. (rN+++)
You do not regenerate when monsters are visible.
You are immune to unholy pain and torment.
You can survive without breathing.


Message History

The gnoll misses you. The gnoll hits you with a club. The gnoll misses you.
You scratch the gnoll.
The gnoll is heavily wounded.
The gnoll hits you from afar with a halberd!
You claw the gnoll!
You kill the gnoll!
The gnoll hits you from afar with a halberd.
You scratch the gnoll.
The gnoll is moderately wounded.
The gnoll barely misses you.
You scratch the gnoll but do no damage.
The gnoll is moderately wounded.
The gnoll hits you from afar with a halberd.
The gnoll barely misses you.
You claw the gnoll!
You kill the gnoll!
The gnoll hits you from afar with a halberd.
The gnoll hits you from afar with a halberd!!
You die...

.............†.#.#.###.......#
#
...............#.#..#..#.....#
#
..###...##.......##...##.....#
# .#
#...##.......###.######### #
#...##.##.#..###.## ##
#...##.##.#..##...# #.
###...##.##.........# #.
...........#.###...# #. # #
#......##.#@# ##.## #.
#.#.##.#.....g).# #.# #######.
............#.####
#.####[...... #..#....#......#
#......######
#.#.......#.#.##.# ########
#.............# #
..##.##)#....## ...........#
....#.##....#


You could see a gnoll.

Vanquished Creatures
  The ghost of Paps the Sneak, an amateur DsAs of Okawaru (D:3)
  3 gnolls (D:3)
  2 adders (D:2)
  3 oozes
  A worm (D:2)
  A dart slug (D:1)
  2 leopard geckos (D:2)
  3 giant cockroaches
  6 goblins
  3 hobgoblins
  2 ball pythons
  5 bats
  3 frilled lizards
  4 kobolds
  6 rats
45 creatures vanquished.

Notes
Turn   | Place    | Note
-------+----------+-------------------------------------------
     0 | D:1      | greprep the Ghoul Monk began the quest for the Orb.
     0 | D:1      | Reached XP level 1. HP: 19/19 MP: 0/0
    91 | D:1      | Reached XP level 2. HP: 26/26 MP: 1/1
   347 | D:1      | Reached skill level 4 in Unarmed Combat
   375 | D:1      | Reached XP level 3. HP: 31/31 MP: 2/2
   758 | D:2      | Found a shimmering altar of Xom.
   759 | D:2      | Found a hazy altar of Hepliaklqana.
   759 | D:2      | Noticed a death ooze
   760 | D:2      | Noticed a death ooze
   760 | D:2      | Noticed a spectral ugly thing
   811 | D:2      | Reached XP level 4. HP: 36/38 MP: 3/3
   992 | D:3      | Noticed Paps's ghost (amateur DsAs)
  1006 | D:3      | Killed Paps's ghost
  1006 | D:3      | Reached skill level 5 in Unarmed Combat
  1006 | D:3      | Reached XP level 5. HP: 19/46 MP: 4/4
  1365 | D:3      | Slain by a gnoll

Skill      XL: |  1  2  3  4 |
---------------+-------------+-----
Dodging        | 3 |  3.3
Unarmed Combat | 4 5 |  5.9
Fighting       | |  3.7
Stealth        | |  2.3

Action                   |  1- 3 |  4- 6 || total
-------------------------+-------+-------++-------
Melee: Unarmed           |    88 |    37 ||   125
       Punch             |     2 |       ||     2
 Stab: Sleeping          |     5 |     2 ||     7
       Distracted        |       |     1 ||     1
  Eat: Chunk             |     8 |     1 ||     9
Armor: Robe              |    19 |     2 ||    21
Dodge: Dodged            |    56 |    18 ||    74
